 Dungeon Crawl Stone Soup version 0.23-a0-358-g98c7a59ffc (webtiles) character file.

546785 Flugkiller the Devastator (level 24, 0/184 HPs)
             Began as a Demonspawn Fire Elementalist on Oct 22, 2018.
             Was the Champion of Vehumet.
             Slain by a tentacled monstrosity (1 damage)
             ... on level 2 of the Realm of Zot on Oct 23, 2018.
             The game lasted 03:36:39 (75223 turns).

Flugkiller the Devastator (DsFE)                   Turns: 75223, Time: 03:36:39

Health: 0/184      AC: 27    Str: 13    XL:     24   Next: 92%
Magic:  0/44       EV: 12    Int: 33    God:    Vehumet [******]
Gold:   2498       SH:  9    Dex: 13    Spells: 15/57 levels left

rFire    + + .     SeeInvis +   T - staff of conjuration
rCold    + . .     Gourm    .   R - +2 buckler {AC+3}
rNeg     + . .     Faith    .   p - +8 fire dragon scales
rPois    .         Spirit   +   (helmet unavailable)
rElec    .         Reflect  +   L - +2 cloak
rCorr    .         Harm     .   (gloves unavailable)
MR       ++...     Clarity  +   (boots unavailable)
Stlth    ++........             e - amulet of Compassion {Reflect rC+ rN+ MR+ Int-3 SH+2}
HPRegen  0.00/turn              g - +6 ring of intelligence
MPRegen  0.58/turn              n - +5 ring of intelligence

@: hasted and slowed, constricted
A: antennae 3, claws 3, talons 3, clarity, cold resistance 1, nightstalker 2,
inhibited regeneration, magic shield, magic regeneration, freezing cloud
immunity
}: 3/15 runes: decaying, serpentine, slimy
a: Renounce Religion


You were on level 2 of the Realm of Zot.
You worshipped Vehumet.
Vehumet was exalted by your worship.
You were not hungry.

You visited 10 branches of the dungeon, and saw 49 of its levels.
You visited 1 bazaar.
You also visited: Sewer and Ice Cave.

You collected 6110 gold pieces.
You spent 3612 gold pieces at shops.

Inventory:

Hand Weapons
 m - the +6 morningstar "Woaz" {crush, MR+++ Str+4 Int-2 Dex-5}
   (You took it off a naga on level 3 of the Snake Pit)

   It inflicts extra damage upon your enemies.
   It affects your strength (+4).
   It affects your intelligence (-2).
   It affects your dexterity (-5).
   It affects your resistance to hostile enchantments.
 t - the +10 morningstar "Vofuw" {flame, *Contam rF+ rC+}
   (You took it off a frost giant on level 3 of the Depths)

   It has been specially enchanted to burn those struck by it, causing extra
   injury to most foes and up to half again as much damage against particularly
   susceptible opponents.
   It protects you from fire.
   It protects you from cold.
   It causes magical contamination when unequipped.
 y - a +3 hunting sling of venom
   (You found it on level 3 of the Dungeon)
Missiles
 j - 369 sling bullets
Armour
 p - +8 fire dragon scales (worn)
   (You found it on level 3 of the Vaults)
 L - a +2 cloak (worn)
   (You took it off Maurice on level 9 of the Dungeon)
 R - a +2 buckler of protection (worn)
   (You took it off a spriggan on level 6 of the Lair of Beasts)
 U - the +6 ice dragon scales of the Engineer {rF- rC++ rN++}
   (You found it in an ice cave)

   It makes you vulnerable to fire.
   It greatly protects you from cold.
   It greatly protects you from negative energy.
 Y - a scarf of repulsion
   (You found it on level 5 of the Lair of Beasts)
Magical Staves
 K - an uncursed staff of power
   (You found it in an ice cave)
 S - an uncursed staff of fire
   (You found it in an ice cave)
 T - an uncursed staff of conjuration (weapon)
   (You found it on level 6 of the Lair of Beasts)
Jewellery
 b - an uncursed ring of resist corrosion
   (You found it on level 2 of the Swamp)
 e - the amulet of Compassion (around neck) {Reflect rC+ rN+ MR+ Int-3 SH+2}
   (You found it on level 5 of the Dungeon)

   [amulet of reflection]

   It shields you and reflects attacks.
   It affects your intelligence (-3).
   It protects you from cold.
   It protects you from negative energy.
   It affects your resistance to hostile enchantments.
   It affects your SH (+2).
 g - a +6 ring of intelligence (left claw)
   (You bought it in a shop on level 3 of the Snake Pit)
 n - a +5 ring of intelligence (right claw)
   (You bought it in a shop on level 1 of the Orcish Mines)
 u - the ring of the Skies Above {rF+ rN+}
   (You acquired it on level 12 of the Dungeon)

   [ring of protection from fire]

   It protects you from fire.
   It protects you from negative energy.
 D - a +4 ring of evasion
   (You found it on level 1 of the Lair of Beasts)
 H - an uncursed ring of poison resistance
   (You found it on level 9 of the Dungeon)
 I - an uncursed ring of magical power
   (You found it on level 2 of the Lair of Beasts)
Wands
 h - a wand of acid (14)
   (You found it on level 3 of the Swamp)
 B - a wand of clouds (6)
   (You found it on level 5 of the Dungeon)
 N - a wand of digging (21)
   (You bought it in a shop on level 3 of the Snake Pit)
 O - a wand of disintegration (7)
   (You found it in an ice cave)
 X - a wand of paralysis (14)
   (You took it off a spriggan on level 6 of the Lair of Beasts)
 Z - a wand of enslavement (18)
   (You found it on level 5 of the Lair of Beasts)
Scrolls
 d - 5 scrolls of blinking
 l - 13 scrolls of amnesia
 s - 17 scrolls of teleportation
 v - 13 scrolls of remove curse
 C - 2 scrolls of magic mapping
 E - 5 scrolls of enchant weapon
 G - 10 scrolls of fear
 J - 6 scrolls of identify
 Q - 8 scrolls of fog
Potions
 a - 2 potions of magic
 f - 2 potions of haste
 i - 5 potions of might
 o - 5 potions of invisibility
 q - 5 potions of lignification
 r - 4 potions of brilliance
 w - 2 potions of berserk rage
 x - a potion of cancellation
 z - 6 potions of heal wounds
 A - 7 potions of flight
 F - 8 potions of curing
 M - 7 potions of mutation
 V - 5 potions of agility
 W - 8 potions of ambrosia
Miscellaneous
 P - 2 phantom mirrors
Comestibles
 c - 47 rations


   Skills:
 + Level 13.9 Fighting
 + Level 13.8 Armour
 + Level 13.8 Dodging
 - Level 1.7 Stealth
 - Level 4.0 Shields
 - Level 17.1 Spellcasting
 - Level 20.2 Conjurations
 - Level 2.1 Translocations
 - Level 12.0 Fire Magic
 - Level 18.3 Earth Magic
 - Level 5.0 Evocations


You had 15 spell levels left.
You knew the following spells:

 Your Spells              Type           Power        Failure   Level  Hunger
a - Flame Tongue          Conj/Fire      #####        0%          1    None
b - Iron Shot             Conj/Erth      ########..   1%          6    None
c - Conjure Flame         Conj/Fire      ########     0%          3    None
d - Sticky Flame          Conj/Fire      ########     1%          4    None
e - Fireball              Conj/Fire      ########..   1%          5    None
f - Bolt of Fire          Conj/Fire      ########..   1%          6    None
g - Orb of Destruction    Conj           ########..   1%          7    ####...
h - Lehudib's Crystal Sp  Conj/Erth      ########..   3%          8    #####..
r - Blink                 Tloc           N/A          3%          2    None

Your spell library contained the following spells:

 Spells                   Type           Power        Failure   Level  Hunger
 Ignition                 Fire           #######...   50%         8    #####..
 Chain Lightning          Conj/Air       #######...   77%         8    #####..
 Magic Dart               Conj           ####         0%          1    None
 Throw Flame              Conj/Fire      ######       0%          2    None
 Dazzling Spray           Conj/Hex       ######       1%          3    None
 Inner Flame              Hex/Fire       ######..     1%          3    None
 Mephitic Cloud           Conj/Pois/Air  #######.     1%          3    None
 Leda's Liquefaction      Hex/Erth       ######....   1%          4    None
 Borgnjor's Vile Clutch   Necr/Erth      ######....   3%          5    None
 Animate Skeleton         Necr           N/A          5%          1    None
 Beastly Appendage        Tmut           ####..       5%          1    None
 Corona                   Hex            ####...      5%          1    None
 Pain                     Necr           ####         5%          1    None
 Call Imp                 Summ           ####....     8%          2    None
 Ensorcelled Hibernation  Hex/Ice        ####..       8%          2    None
 Slow                     Hex            ####....     8%          2    None
 Sticks to Snakes         Tmut           ####....     8%          2    None
 Portal Projectile        Hex/Tloc       #####.       10%         3    None
 Recall                   Summ/Tloc      N/A          10%         3    None
 Confuse                  Hex            ####....     16%         3    None
 Regeneration             Chrm/Necr      ####......   16%         3    None
 Spider Form              Tmut/Pois      ####......   16%         3    None
 Tukima's Dance           Hex            ####....     16%         3    None
 Vampiric Draining        Necr           ####......   16%         3    None
 Animate Dead             Necr           N/A          45%         4    None
 Cause Fear               Hex            ####......   45%         4    None
 Ice Form                 Ice/Tmut       ####....     45%         4    None
 Blade Hands              Tmut           ####......   82%         5    None
 Summon Demon             Summ           ####......   82%         5    None
 Summon Mana Viper        Hex/Summ       ####....     82%         5    None
 Death Channel            Necr           ####......   100%        6    None
 Simulacrum               Ice/Necr       ####......   100%        6    None
 Malign Gateway           Summ/Tloc      #####.....   100%        7    ####...


Dungeon Overview and Level Annotations

Branches:
Dungeon (15/15)            Temple (1/1) D:5            Lair (6/6) D:9
  Swamp (4/4) Lair:4        Snake (4/4) Lair:3        Slime (5/5) Lair:5
    Orc (2/2) D:12            Elf (0/3) Orc:2        Vaults (4/5) D:14
  Crypt (0/3) Vaults:3     Depths (5/5) D:15            Zot (3/5) Depths:5

Altars:
Ashenzari
Cheibriados
Fedhas
Hepliaklqana
Kikubaaqudgha
Makhleb
Trog
Uskayaw
Vehumet
Wu Jian
Yredelemnul
The Shining One
Beogh
Jiyva
Lugonu

Shops:
D:5 (   D:7 (   D:9 *   D:11 [   D:12 *}   D:14 !   Orc:1 =   Orc:2 (*[:
Snake:2 }   Snake:3 =}=   Vaults:2 }   Depths:1 (   Depths:2 :   Depths:4 ?

Portals:
Hell: Depths:1 Depths:2 Depths:3 Depths:4 Depths:5
Abyss: Depths:1 Depths:4 Depths:5
Pandemonium: Depths:3
Ziggurat: Depths:4
Trove: Depths:2 (give +0 crystal plate armour)

Annotations:
D:2 exclusion: downstairs
D:4 3 runed doors, endorz's ghost, amateur GnWz
D:11 2 transporters
D:15 exclusions: 2 hellions, 4 iron imps and 5 more exclusions
Vaults:4 3 runed doors
Depths:5 exclusion: 2 caustic shrikes


Innate Abilities, Weirdness & Mutations

You have a pair of large antennae on your head. (SInv)
You have claws for hands.
You have claws for feet.
Your flesh is cold resistant. (rC+)
You are significantly more attuned to the shadows.
When hurt, damage is shared between your health and your magic reserves.
You regenerate magic rapidly.
You are immune to freezing clouds.
You possess an exceptional clarity of mind.
You do not regenerate when monsters are visible.


Message History

The tentacled monstrosity misses you.
The tentacled monstrosity constricts you.
You block the death cob's attack.
The tentacled monstrosity tentacle-slaps you but does no damage. x3
* * * LOW HITPOINT WARNING * * *
The tentacled monstrosity constricts you.
The death cob hits you!!
* * * LOW HITPOINT WARNING * * *
Your blink will be uncontrolled - continue anyway?
The Orb prevents control of your translocation!
You escape the tentacled monstrosity's grasp.
You blink.
As you read the scroll of blinking, it crumbles to dust.
The death cob hits you.
* * * LOW HITPOINT WARNING * * *
The death cob drains your vigour!
You feel as though you will be slow longer.
The death cob hits you but does no damage.
The tentacled monstrosity tentacle-slaps you.
* * * LOW HITPOINT WARNING * * *
The tentacled monstrosity tentacle-slaps you but does no damage. x2
The tentacled monstrosity grabs you.
The tentacled monstrosity constricts you.
You feel much better. The death cob closely misses you. The death cob hits you!
* * * LOW HITPOINT WARNING * * *
The death cob closely misses you.
The tentacled monstrosity tentacle-slaps you but does no damage. x2
The tentacled monstrosity completely misses you.
* * * LOW HITPOINT WARNING * * *
The tentacled monstrosity constricts you!
The death cob hits you but does no damage.
Your magical contamination has completely faded away.
You feel yourself speed up. The death cob hits you!
* * * LOW HITPOINT WARNING * * *
The death cob hits you but does no damage.
The tentacled monstrosity tentacle-slaps you.
* * * LOW HITPOINT WARNING * * *
The tentacled monstrosity tentacle-slaps you.
* * * LOW HITPOINT WARNING * * *
The tentacled monstrosity tentacle-slaps you but does no damage.
* * * LOW HITPOINT WARNING * * *
The tentacled monstrosity constricts you!
The death cob hits you.
* * * LOW HITPOINT WARNING * * *
The death cob drains your vigour!
You feel as though you will be slow longer.
You block the death cob's attack.
The tentacled monstrosity closely misses you.
The tentacled monstrosity tentacle-slaps you.
You die...

,*,,,,,*,,**,,,,,,*
,*,,,,**,,,,,*,*****
**,*,,****,***,*,,,*
,,,*,**,,*,,,,,,,***
,*,,,*,,,##**#.####
,*,*,*,*,#.,,.....##
****,,,**#.###.#...#
,,****,,,..#.#.##†###
,,,****,###..#.#@)..#
,,,,+,**#....#..zX<.#*
,,,,*,,*#......##....#
,,,,+,,,#.......##...#
,,,**,,,+..####.####.#*
,,**,,,,#.>#,,*.#,,*..#
*+*,,,,*#.##,,,.#,,,..#
*,,,,,*#..#,,,,.#,,,,,*
**,,,**####**,,,,,,,,,*


You could see a tentacled monstrosity and a death cob.

Vanquished Creatures
  the Royal Jelly (Slime:5)
  Dissolution (Slime:1)
  An orb of fire (Zot:1)
  the Lernaean hydra (Swamp:4)
  Vashnia (Snake:2)
  Saint Roka (Vaults:3)
  4 liches
  A titan (Vaults:3)
  2 electric golems
  4 tentacled monstrosities
  2 quicksilver dragons (Zot:1)
  33 acid blobs
  Frances (Snake:2)
  4 shadow dragons
  3 death cobs (Zot:1)
  A sphinx (Depths:4)
  2 thorn hunters
  4 tengu reavers
  9 nagarajas (Snake:4)
  2 storm dragons
  A revenant (Vaults:3)
  A draconian monk (Zot:1)
  11 azure jellies
  10 fire giants
  2 draconian knights
  An orc warlord (Orc:2)
  9 vault wardens
  4 iron dragons
  A ghost moth (Zot:1)
  A balrug (Depths:2)
  15 frost giants
  A ghoul (Vaults:3)
  A deep elf elementalist (Depths:4)
  A draconian annihilator (Zot:1)
  A draconian shifter (Zot:1)
  6 draconian stormcallers
  16 stone giants
  19 very ugly things
  A war gargoyle (Vaults:3)
  7 ironheart preservers
  4 green draconians
  An entropy weaver (Vaults:4)
  2 vampire knights
  A deep elf demonologist (Vaults:4)
  Azrael (D:13)
  2 black draconians
  3 purple draconians
  A dire elephant (Lair:6)
  8 spark wasps
  6 red draconians
  13 ettins
  A deep elf death mage (Vaults:1)
  16 death oozes
  8 yellow draconians
  3 fire dragons
  2 green deaths
  A merfolk javelineer (Depths:4)
  Josephine (D:13)
  13 ogre magi
  Fannar (Orc:1)
  14 yaktaur captains
  Harold (D:8)
  8 great orbs of eyes
  5 ice dragons
  25 hydras
  16 naga warriors
  A rakshasa (D:13)
  An anaconda (shapeshifter) (Depths:5)
  12 vault guards
  17 anacondas
  A shambling mangrove (Swamp:4)
  2 catoblepae
  2 ghost crabs
  2 spriggan air magi
  Erica (D:10)
  5 centaur warriors
  8 alligators
  38 two-headed ogres
  6 deep troll earth magi
  6 tengu warriors
  2 vampire magi
  A thrashing horror (Swamp:3)
  4 orc high priests (Orc:2)
  2 spriggan berserkers
  9 deep troll shamans
  16 naga sharpshooters
  4 shock serpents
  Sonja (D:13)
  7 deep elf knights
  Nergalle (D:10)
  12 hell knights
  A skeletal warrior (Vaults:3)
  2 unseen horrors (Vaults:1)
  2 spriggan druids (Swamp:4)
  6 glowing orange brains
  5 iron trolls
  3 salamander mystics
  32 deep trolls
  7 swamp dragons
  2 unseen horrors (shapeshifter)
  4 flayed ghosts
  3 phantasmal warriors
  12 wizards
  10 naga ritualists
  5 deep elf archers
  A lindwurm (Depths:3)
  9 ironbrand convokers
  A mana viper (shapeshifter) (D:15)
  10 mana vipers
  12 deep elf magi
  15 salamanders
  9 shining eyes
  An orb spider (shapeshifter) (Vaults:1)
  14 orc knights
  10 necromancers
  8 harpies
  49 ugly things
  A manticore (D:14)
  10 wolf spiders
  2 orc sorcerers
  11 elephants
  An elephant (shapeshifter) (Depths:2)
  6 cyclopes
  7 moths of wrath
  An oklob plant (Depths:3)
  7 centaur zombies
  29 black mambas
  3 ice statues (IceCv)
  Maurice (D:9)
  A guardian serpent (shapeshifter) (D:14)
  10 vault sentinels
  An eye of devastation (shapeshifter) (Vaults:3)
  4 guardian serpents
  10 naga magi
  2 eyes of devastation
  17 spiny frogs
  An orange demon (Swamp:3)
  4 centaur skeletons
  5 rime drakes
  8 komodo dragons
  An efreet (D:8)
  49 yaktaurs
  6 freezing wraiths
  2 tengu conjurers
  A red devil (Depths:2)
  3 meliai (D:15)
  10 trolls
  11 tyrant leeches
  A sphinx simulacrum (Vaults:2)
  A wind drake (shapeshifter) (Depths:2)
  5 polar bears
  A meliai (shapeshifter) (Vaults:4)
  A merfolk (shapeshifter) (Depths:2)
  A raiju (shapeshifter) (Vaults:4)
  14 hornets
  16 bog bodies
  2 dream sheep (Lair:6)
  A harpy skeleton (D:15)
  14 hippogriffs
  9 blink frogs
  A centaur simulacrum (D:15)
  134 slime creatures
  A redback (Vaults:4)
  5 wraiths (D:13)
  9 shadows
  A small abomination (Swamp:4)
  2 spriggans (shapeshifter) (Depths:2)
  11 water elementals
  A human (shapeshifter) (Vaults:1)
  3 yaks (shapeshifter)
  26 spriggans
  4 wyverns
  42 yaks
  4 fire bats (Depths:2)
  A human (D:14)
  2 golden eyes (Slime:3)
  3 basilisks
  A hungry ghost (D:11)
  4 fire elementals
  Menkaure (D:4)
  16 vampire mosquitoes
  9 insubstantial wisps
  7 wargs
  53 nagas
  An acid dragon (shapeshifter) (Depths:4)
  2 acid dragons
  13 swamp worms
  8 water moccasins
  3 hell hounds (D:13)
  6 porcupines
  Purgy (Sewer)
  2 black bears
  10 swamp drakes
  61 orc warriors
  3 sky beasts
  A phantom (D:9)
  8 eyes of draining
  30 ogres
  16 boggarts
  A hornet zombie (D:7)
  10 ice beasts
  12 crocodiles
  23 wolves
  12 centaurs
  20 bullfrogs
  3 big kobolds
  6 scorpions
  10 killer bees (D:9)
  5 wights
  2 howler monkeys
  An electric eel (Lair:2)
  4 crimson imps
  3 quasits
  7 hounds
  A bullfrog zombie (D:13)
  5 jellies
  20 orc priests
  25 orc wizards
  4 bullfrog skeletons
  2 iron imps
  2 iguanas
  7 hell rats
  11 worker ants
  A hound zombie (D:9)
  3 hound skeletons
  Robin (D:3)
  10 gnolls
  16 adders
  11 river rats
  2 shadow imps (D:8)
  12 white imps
  An ooze (D:3)
  2 adder zombies
  3 worms
  3 dart slugs
  3 leopard geckos
  124 orcs
  3 giant cockroaches
  43 goblins
  24 hobgoblins
  8 jackals
  17 kobolds
  6 quokkas
  2 ball pythons (D:3)
  5 bats
  5 frilled lizards
  A jackal skeleton (D:7)
  A quokka zombie (D:5)
  9 rats
  4 fungi
2051 creatures vanquished.

Vanquished Creatures (others)
  A stone giant (Depths:4)
  A great orb of eyes (Vaults:4)
  2 yaktaur captains
  A centaur warrior (Vaults:2)
  A naga sharpshooter (Snake:4)
  A shadow wraith (Vaults:4)
  A wizard (D:10)
  9 yaktaurs
  A redback (Vaults:4)
  A golden eye (Slime:3)
  A naga (Snake:2)
  2 swamp drakes (Swamp:3)
  An orc wizard (Orc:1)
  2 hobgoblins (D:4)
  A frilled lizard (D:4)
  A goblin (D:4)
  A bush (Lair:6)
  26 fungi
  11 plants
  6 toadstools (D:1)
71 creatures vanquished.

Grand Total: 2122 creatures vanquished

Notes
Turn   | Place    | Note
-------+----------+-------------------------------------------
     0 | D:1      | Flugkiller the Demonspawn Fire Elementalist began the quest
                  | for the Orb.
     0 | D:1      | Reached XP level 1. HP: 13/13 MP: 3/3
   403 | D:1      | damn, tele trap
   417 | D:1      | Gained mutation: You have sharp fingernails. [demonic
                  | ancestry]
   417 | D:1      | Reached XP level 2. HP: 19/19 MP: 1/5
  1557 | D:2      | Reached XP level 3. HP: 24/24 MP: 2/6
  1600 | D:2      | Learned a level 3 spell: Conjure Flame
  1830 | D:2      | Reached skill level 2 in Conjurations
  2557 | D:3      | Gained mutation: You have a pair of small antennae on your
                  | head. [demonic ancestry]
  2557 | D:3      | Reached XP level 4. HP: 15/30 MP: 0/8
  2747 | D:3      | Found a burning altar of Makhleb.
  2777 | D:3      | Found an ancient bone altar of Kikubaaqudgha.
  2778 | D:3      | Found an ornate altar of the Wu Jian Council.
  2780 | D:3      | Found a basalt altar of Yredelemnul.
  3720 | D:3      | Reached XP level 5. HP: 35/35 MP: 4/9
  4066 | D:3      | Reached skill level 3 in Conjurations
  4394 | D:3      | Gained mutation: You have sharp toenails. [demonic
                  | ancestry]
  4394 | D:3      | Reached XP level 6. HP: 41/41 MP: 1/11
  4838 | D:3      | Learned a level 4 spell: Sticky Flame
  5512 | D:4      | Found a runed gate.
  5514 | D:4      | Found a runed gate.
  5516 | D:4      | Noticed endorz's ghost (amateur GnWz)
  5521 | D:4      | Found a runed gate.
  5577 | D:4      | Reached skill level 4 in Conjurations
  5584 | D:4      | Noticed Menkaure
  5590 | D:4      | Killed Menkaure
  5590 | D:4      | Reached XP level 7. HP: 24/46 MP: 6/13
  5808 | D:4      | Noticed Robin
  5872 | D:3      | Killed Robin
  5979 | D:4      | Reached skill level 5 in Fire Magic
  6527 | D:5      | Entered Level 5 of the Dungeon
  6601 | D:5      | Reached skill level 5 in Conjurations
  6714 | D:5      | Reached skill level 5 in Spellcasting
  6797 | D:5      | Got a warped silver amulet
  6863 | D:5      | Found a staircase to the Ecumenical Temple.
  6889 | Temple   | Entered the Ecumenical Temple
  6895 | Temple   | Became a worshipper of Vehumet
  6917 | D:5      | Gained mutation: You are slightly more attuned to the
                  | shadows. [demonic ancestry]
  6917 | D:5      | Reached XP level 8. HP: 46/52 MP: 1/15
  7015 | D:5      | Found Archagam's Weapon Shoppe.
  7133 | D:5      | Found a glowing drain.
  7137 | Sewer    | Entered a sewer
  7265 | Sewer    | Noticed Purgy
  7275 | Sewer    | Killed Purgy
  8110 | D:6      | Reached skill level 6 in Conjurations
  8191 | D:6      | Reached * piety under Vehumet
  8191 | D:6      | Offered knowledge of Shock by Vehumet.
  8319 | D:6      | Identified the amulet of Compassion {Reflect rC+ rN+ MR+
                  | Int-3 SH+2} (You found it on level 5 of the Dungeon)
  8846 | D:6      | Noticed a two-headed ogre
  8859 | D:6      | Killed a two-headed ogre
  8859 | D:6      | Reached skill level 7 in Conjurations
  8859 | D:6      | Reached XP level 9. HP: 57/57 MP: 7/19
  9138 | D:6      | Found a glowing golden altar of the Shining One.
  9161 | D:6      | Found a snail-covered altar of Cheibriados.
  9480 | D:7      | Learned a level 5 spell: Fireball
 10158 | D:7      | Found Ceifeosai's Antique Weapon Shop.
 10549 | D:7      | Offered knowledge of Sandblast by Vehumet.
 10575 | D:8      | Reached ** piety under Vehumet
 10654 | D:8      | Reached skill level 1 in Fighting
 10820 | D:8      | Noticed Harold
 10959 | D:8      | Reached skill level 8 in Conjurations
 11041 | D:8      | Noticed a two-headed ogre
 11061 | D:8      | Noticed a yaktaur
 11294 | D:8      | Found a radiant altar of Vehumet.
 11396 | D:8      | Gained mutation: You have very sharp fingernails. [demonic
                  | ancestry]
 11396 | D:8      | Reached XP level 10. HP: 70/70 MP: 10/21
 11533 | D:8      | Offered knowledge of Searing Ray by Vehumet.
 11714 | D:8      | Noticed a two-headed ogre
 11727 | D:8      | Killed a two-headed ogre
 11873 | D:9      | Noticed Maurice
 11886 | D:9      | Killed Maurice
 11956 | D:9      | Reached *** piety under Vehumet
 12479 | D:9      | Offered knowledge of Mephitic Cloud by Vehumet.
 12816 | D:9      | Found a staircase to the Lair.
 12982 | D:9      | Found Hirrav's Assorted Antiques.
 13236 | D:9      | Reached skill level 9 in Conjurations
 13456 | D:9      | Reached **** piety under Vehumet
 13480 | D:9      | Gained mutation: You have a pair of antennae on your head.
                  | [demonic ancestry]
 13480 | D:9      | Reached XP level 11. HP: 67/77 MP: 2/23
 13958 | Lair:1   | Entered Level 1 of the Lair of Beasts
 14025 | Lair:1   | Noticed an eight-headed hydra
 14033 | Lair:1   | Killed an eight-headed hydra
 14137 | Lair:1   | Reached skill level 5 in Dodging
 14152 | Lair:1   | Noticed a six-headed hydra
 14155 | Lair:1   | Killed a six-headed hydra
 14436 | Lair:1   | Offered knowledge of Static Discharge by Vehumet.
 14648 | Lair:1   | Noticed an eight-headed hydra
 14693 | Lair:1   | Killed an eight-headed hydra
 15151 | Lair:1   | Upgraded the game from 0.23-a0-356-g1757c6e039 to
                  | 0.23-a0-358-g98c7a59ffc
 15515 | Lair:2   | Reached skill level 1 in Evocations
 15998 | Lair:2   | Reached skill level 5 in Fighting
 16494 | Lair:3   | Noticed a six-headed hydra
 16522 | Lair:2   | Killed a six-headed hydra
 16827 | Lair:2   | Gained mutation: When hurt, damage is shared between your
                  | health and your magic reserves. [demonic ancestry]
 16827 | Lair:2   | Reached XP level 12. HP: 43/88 MP: 17/25
 16926 | Lair:3   | Found a frozen archway.
 16938 | Lair:3   | Reached ***** piety under Vehumet
 16980 | Lair:3   | Reached skill level 5 in Evocations
 16987 | Lair:3   | Offered knowledge of Bolt of Fire by Vehumet.
 16998 | Lair:3   | Learned a level 6 spell: Bolt of Fire
 17058 | IceCv    | Entered an ice cave
 17945 | IceCv    | Got a pair of steaming gloves
 17969 | IceCv    | Got faintly humming ice dragon scales
 18335 | Lair:3   | Found a staircase to the Snake Pit.
 19431 | Lair:4   | Reached skill level 10 in Conjurations
 19557 | Lair:4   | tele trap again
 19569 | Lair:4   | Reached skill level 10 in Spellcasting
 19845 | Lair:4   | Reached skill level 10 in Fire Magic
 19873 | Lair:4   | Found a staircase to the Swamp.
 20381 | Lair:4   | Identified the +1 pair of gloves of the Battered Realms
                  | {rF+ MR+ Int+3} (You found it in an ice cave)
 20524 | Lair:5   | Found a viscous altar of Jiyva.
 20554 | Lair:5   | Got a translucent battleaxe
 20563 | Lair:5   | Found a staircase to the Slime Pits.
 20681 | Lair:5   | Noticed a catoblepas
 20695 | Lair:5   | Killed a catoblepas
 21136 | Lair:5   | Reached XP level 13. HP: 92/93 MP: 6/27
 21579 | Lair:6   | Entered Level 6 of the Lair of Beasts
 21858 | Lair:6   | Offered knowledge of Ozocubu's Refrigeration by Vehumet.
 22019 | Lair:6   | Reached skill level 11 in Conjurations
 23054 | Lair:6   | Reached skill level 1 in Shields
 23199 | Lair:5   | Learned a level 2 spell: Blink
 23313 | Lair:6   | Reached skill level 1 in Translocations
 24287 | Lair:6   | Noticed a dire elephant
 24291 | Lair:6   | Killed a dire elephant
 24454 | Lair:6   | Offered knowledge of Orb of Destruction by Vehumet.
 24454 | Lair:6   | Gained mutation: You regenerate magic rapidly. [demonic
                  | ancestry]
 24454 | Lair:6   | Reached XP level 14. HP: 98/100 MP: 12/29
 24635 | Lair:6   | Learned a level 7 spell: Orb of Destruction
 24973 | D:9      | damn, I got some good loot, and some good vehumet spells
 24973 | D:9      | Also, spirit shield ds mutation is gonna be great
 25003 | D:10     | Entered Level 10 of the Dungeon
 25058 | D:8      | Reached skill level 12 in Conjurations
 25256 | D:8      | Killed Harold
 25651 | D:10     | Noticed Erica
 25655 | D:10     | Killed Erica
 25760 | D:10     | Identified the +6 ice dragon scales of the Engineer {rF-
                  | rC++ rN++} (You found it in an ice cave)
 25786 | D:10     | Noticed Nergalle
 25788 | D:10     | Killed Nergalle
 25931 | D:10     | Found a bloodstained altar of Trog.
 26002 | D:11     | Found a transporter.
 26003 | D:11     | Found a transporter.
 26427 | D:11     | Found Rynwiuhe's Armour Shop.
 26571 | D:11     | Reached skill level 1 in Armour
 26571 | D:11     | Offered knowledge of Conjure Ball Lightning by Vehumet.
 26795 | D:11     | Found a corrupted altar of Lugonu.
 26949 | D:12     | Found a staircase to the Orcish Mines.
 26985 | D:12     | Found Vurhas's Assorted Antiques.
 27074 | D:12     | Found Warhea Masie's Gadget Emporium.
 27269 | D:12     | Identified a scroll of acquirement
 27272 | D:12     | Got a scintillating steel ring
 27700 | D:13     | Found a roughly hewn altar of Beogh.
 28086 | D:13     | Noticed Josephine
 28093 | D:13     | Killed Josephine
 28150 | D:13     | Offered knowledge of Freezing Cloud by Vehumet.
 28395 | D:13     | Noticed Sonja
 28398 | D:13     | Killed Sonja
 28600 | D:13     | Found the +12 glaive of Prune {chop}
 28639 | D:13     | Noticed Azrael
 28708 | D:13     | Reached skill level 10 in Dodging
 28878 | D:13     | Killed Azrael
 29568 | D:14     | Gained mutation: You have a pair of large antennae on your
                  | head. (SInv) [demonic ancestry]
 29568 | D:14     | Reached XP level 15. HP: 110/110 MP: 18/31
 29823 | D:14     | Found Luomibet's Distillery.
 29863 | D:14     | Reached skill level 5 in Armour
 29867 | D:14     | Got an iridescent long sword
 29948 | D:14     | Found a gate to the Vaults.
 30094 | D:15     | Entered Level 15 of the Dungeon
 30817 | D:15     | Found an ancient bone altar of Kikubaaqudgha.
 30951 | D:15     | Offered knowledge of Iron Shot by Vehumet.
 30973 | D:15     | Learned a level 6 spell: Iron Shot
 31038 | D:15     | Found a shattered altar of Ashenzari.
 31195 | D:15     | Found a staircase to the Depths.
 31322 | Orc:1    | Entered Level 1 of the Orcish Mines
 31712 | Orc:1    | Found Foah's Jewellery Emporium.
 31799 | Orc:1    | Reached ****** piety under Vehumet
 31931 | Orc:1    | Noticed Fannar
 31935 | Orc:1    | Killed Fannar
 31935 | Orc:1    | Reached skill level 10 in Fighting
 32105 | Orc:1    | Identified the ring of the Skies Above {rF+ rN+} (You
                  | acquired it on level 12 of the Dungeon)
 32113 | Orc:2    | Entered Level 2 of the Orcish Mines
 32128 | Orc:2    | Found a staircase to the Elven Halls.
 32226 | Orc:2    | Offered knowledge of Bolt of Cold by Vehumet.
 32294 | Orc:2    | Noticed an orc warlord
 32369 | Orc:2    | Killed an orc warlord
 32571 | Orc:2    | Found Lokhaf's Antique Armour Shop.
 32589 | Orc:2    | Found Voil's Antique Weapon Shop.
 32637 | Orc:2    | Found Ysouco's General Store.
 32744 | Orc:2    | Found Noygo's Book Emporium.
 33275 | Swamp:1  | Entered Level 1 of the Swamp
 33895 | Swamp:1  | Offered knowledge of Lehudib's Crystal Spear by Vehumet.
 33895 | Swamp:1  | Offered knowledge of Chain Lightning by Vehumet.
 33895 | Swamp:1  | Offered knowledge of Ignition by Vehumet.
 34111 | Swamp:1  | Reached XP level 16. HP: 125/125 MP: 21/32
 34630 | Swamp:2  | Noticed a thorn hunter
 34633 | Swamp:2  | Killed a thorn hunter
 34931 | Swamp:2  | Got a translucent hand crossbow
 34933 | Swamp:2  | Identified the +2 hand crossbow of Cuevicud {penet, Int+4
                  | Dex+3} (You found it on level 2 of the Swamp)
 35494 | Swamp:3  | Reached skill level 10 in Armour
 35786 | Swamp:3  | Reached skill level 1 in Earth Magic
 36461 | Swamp:4  | Entered Level 4 of the Swamp
 36521 | Swamp:4  | Noticed a thorn hunter
 36595 | Swamp:3  | Killed a thorn hunter
 37379 | Swamp:4  | Noticed the 27-headed Lernaean hydra
 37382 | Swamp:4  | Killed the 27-headed Lernaean hydra
 37733 | Swamp:3  | Reached skill level 13 in Conjurations
 37989 | Swamp:4  | Reached skill level 5 in Earth Magic
 38310 | Swamp:4  | Reached XP level 17. HP: 131/131 MP: 21/33
 39557 | Swamp:4  | Got a decaying rune of Zot
 39806 | Snake:1  | Entered Level 1 of the Snake Pit
 40175 | Orc:1    | Bought a +5 ring of intelligence for 535 gold pieces
 41751 | Snake:2  | Noticed Frances
 41759 | Snake:2  | Killed Frances
 42027 | Snake:2  | Noticed Vashnia
 42066 | Snake:2  | Reached skill level 14 in Conjurations
 42128 | Snake:2  | Killed Vashnia
 42216 | Snake:2  | Found Votyixu's Gadget Emporium.
 43187 | Snake:3  | Identified the +6 morningstar "Woaz" {crush, MR+++ Str+4
                  | Int-2 Dex-5}
 43457 | Snake:3  | Found Erenume's Jewellery Shop.
 43461 | Snake:3  | Found Esytatol's Jewellery Shop.
 43461 | Snake:3  | Found Ujeck's Gadget Shoppe.
 43477 | Snake:3  | Bought a +6 ring of intelligence for 877 gold pieces
 43729 | Snake:4  | Entered Level 4 of the Snake Pit
 43810 | Snake:4  | Gained mutation: You have razor-sharp toenails. [demonic
                  | ancestry]
 43810 | Snake:4  | Reached XP level 18. HP: 133/138 MP: 32/36
 43915 | Snake:4  | Reached skill level 10 in Earth Magic
 44838 | Snake:4  | Reached skill level 15 in Spellcasting
 46173 | Snake:4  | Got a serpentine rune of Zot
 46548 | Vaults:1 | Entered Level 1 of the Vaults
 47601 | Vaults:1 | Gained mutation: You have claws for hands. [demonic
                  | ancestry]
 47601 | Vaults:1 | Reached XP level 19. HP: 143/143 MP: 38/40
 48467 | Vaults:2 | Found Mockooni's Gadget Shop.
 50331 | Vaults:3 | Gained mutation: You have claws for feet. [demonic
                  | ancestry]
 50331 | Vaults:3 | Reached XP level 20. HP: 153/153 MP: 41/41
 51265 | Vaults:3 | Got a slimy marble ring
 51266 | Vaults:3 | Identified the ring of Myseez {rN+ Int+4} (You found it on
                  | level 3 of the Vaults)
 51693 | Vaults:3 | Found a staircase to the Crypt.
 52015 | Vaults:3 | Reached XP level 21. HP: 162/162 MP: 20/42
 52407 | Vaults:3 | Paralysed by a lich for 7 turns
 53386 | Vaults:4 | Noticed Saint Roka
 53398 | Vaults:3 | Killed Saint Roka
 53690 | Vaults:4 | Found a flickering gateway to a bazaar.
 53698 | Bazaar   | Entered a bazaar
 53798 | Bazaar   | Found Hogeaf's Food Boutique.
 53805 | Bazaar   | Found Buer Sufry's Distillery.
 53919 | Bazaar   | Found Kaijoud's Armour Emporium.
 53926 | Bazaar   | Found Wautal's Food Shoppe.
 53966 | Bazaar   | Bought a potion of heal wounds for 35 gold pieces
 53966 | Bazaar   | Bought a potion of heal wounds for 35 gold pieces
 53966 | Bazaar   | Bought a potion of heal wounds for 35 gold pieces
 53966 | Bazaar   | Bought a potion of heal wounds for 35 gold pieces
 53966 | Bazaar   | Bought a potion of heal wounds for 35 gold pieces
 53966 | Bazaar   | Bought a potion of mutation for 56 gold pieces
 53966 | Bazaar   | Bought a potion of haste for 70 gold pieces
 53966 | Bazaar   | Bought a potion of haste for 70 gold pieces
 53966 | Bazaar   | Bought a potion of mutation for 56 gold pieces
 53970 | Bazaar   | Bought a potion of invisibility for 56 gold pieces
 53976 | Bazaar   | Bought a ration for 40 gold pieces
 53976 | Bazaar   | Bought a ration for 40 gold pieces
 53976 | Bazaar   | Bought a ration for 40 gold pieces
 53976 | Bazaar   | Bought a ration for 40 gold pieces
 53976 | Bazaar   | Bought a ration for 40 gold pieces
 53976 | Bazaar   | Bought a ration for 40 gold pieces
 53976 | Bazaar   | Bought a ration for 40 gold pieces
 54003 | Bazaar   | Bought a ration for 35 gold pieces
 54003 | Bazaar   | Bought a ration for 35 gold pieces
 54003 | Bazaar   | Bought a ration for 35 gold pieces
 54003 | Bazaar   | Bought a ration for 35 gold pieces
 54003 | Bazaar   | Bought a ration for 35 gold pieces
 54003 | Bazaar   | Bought a ration for 35 gold pieces
 54003 | Bazaar   | Bought a ration for 35 gold pieces
 54003 | Bazaar   | Bought a ration for 35 gold pieces
 54003 | Bazaar   | Bought a ration for 35 gold pieces
 54003 | Bazaar   | Bought a ration for 35 gold pieces
 54003 | Bazaar   | Bought a ration for 35 gold pieces
 54003 | Bazaar   | Bought a ration for 35 gold pieces
 54003 | Bazaar   | Bought a ration for 35 gold pieces
 54693 | Vaults:4 | Found a runed gate.
 54693 | Vaults:4 | Found a runed gate.
 54694 | Vaults:4 | Found a runed gate.
 55096 | Vaults:4 | Reached skill level 15 in Conjurations
 55764 | Depths:1 | Entered Level 1 of the Depths
 56202 | Depths:1 | Found a one-way gate to the infinite horrors of the Abyss.
 56314 | Depths:1 | Gained mutation: Your flesh is cold resistant. (rC+)
                  | [demonic ancestry]
 56314 | Depths:1 | Reached XP level 22. HP: 132/169 MP: 23/43
 56914 | Depths:1 | Found Cucam's Antique Weapon Boutique.
 57046 | Depths:1 | Found a gateway to Hell.
 57188 | Depths:2 | Found a portal to a secret trove of treasure.
 57336 | Depths:2 | Found Ximuk's Book Shoppe.
 57583 | Depths:2 | Reached skill level 16 in Conjurations
 59715 | Depths:3 | Reached skill level 15 in Earth Magic
 59811 | Depths:3 | Reached skill level 17 in Conjurations
 60270 | Depths:3 | Found a one-way gate leading to the halls of Pandemonium.
 62233 | Depths:3 | Gained mutation: You are significantly more attuned to the
                  | shadows. [demonic ancestry]
 62233 | Depths:3 | Reached XP level 23. HP: 137/175 MP: 18/44
 62239 | Depths:3 | Got a transparent morningstar
 62251 | Depths:3 | Identified the +10 morningstar "Vofuw" {flame, *Contam rF+
                  | rC+} (You took it off a frost giant on level 3 of the
                  | Depths)
 62706 | Depths:4 | Reached skill level 18 in Conjurations
 63308 | Depths:4 | Found Datiemyp's Magic Scroll Emporium.
 63324 | Depths:4 | Bought a scroll of teleportation for 57 gold pieces
 63324 | Depths:4 | Bought a scroll of teleportation for 57 gold pieces
 63397 | Depths:4 | Found a gateway to a ziggurat.
 63464 | Depths:4 | Got a faintly glowing buckler
 63465 | Depths:4 | Identified the +3 buckler of the Morning {+Fly rC+ Int-5}
                  | (You found it on level 4 of the Depths)
 63508 | Depths:4 | Identified the Almanac of Summoning
 63766 | Depths:4 | Learned a level 8 spell: Lehudib's Crystal Spear
 63767 | Depths:5 | Entered Level 5 of the Depths
 64396 | Depths:5 | Found a gate to the Realm of Zot.
 65407 | Depths:5 | Noticed a caustic shrike
 65407 | Depths:5 | Noticed a caustic shrike
 65420 | Depths:5 | Reached skill level 19 in Conjurations
 65460 | Depths:5 | Got an ichor-stained shortbow
 65596 | Depths:5 | Noticed a caustic shrike
 66622 | Slime:1  | Entered Level 1 of the Pits of Slime
 67012 | Snake:3  | Bought a wand of digging (13) for 476 gold pieces
 67012 | Snake:3  | Bought a wand of digging (10) for 392 gold pieces
 67194 | Slime:2  | Noticed Dissolution
 67201 | Slime:1  | Killed Dissolution
 67263 | Slime:1  | Gained mutation: You do not regenerate when monsters are
                  | visible. [a shining eye]
 68174 | Slime:3  | Gained mutation: You are immune to freezing clouds.
                  | [demonic ancestry]
 68174 | Slime:3  | Reached XP level 24. HP: 173/181 MP: 33/44
 68921 | Slime:5  | Entered Level 5 of the Pits of Slime
 69180 | Slime:5  | Noticed the Royal Jelly
 70065 | Slime:4  | Reached skill level 20 in Conjurations
 70291 | Slime:5  | Killed the Royal Jelly
 70524 | Slime:5  | Gained mutation: You possess an exceptional clarity of
                  | mind. [a shining eye]
 71425 | Slime:5  | Got a slimy rune of Zot
 71487 | Slime:5  | Identified the amulet of Mutualism {+Rage Int+4 Slay+2}
                  | (You found it on level 5 of the Pits of Slime)
 71516 | Slime:5  | Identified the +4 ring mail "Cugyoli" {SInv} (You found it
                  | on level 5 of the Pits of Slime)
 72249 | Zot:1    | Entered Level 1 of the Realm of Zot
 73390 | Zot:1    | Noticed an orb of fire
 73667 | Zot:1    | Killed an orb of fire
 75223 | Zot:2    | HP: 5/184 [tentacled monstrosity (7)]
 75223 | Zot:2    | HP: 1/184 [death cob (4)]
 75223 | Zot:2    | Slain by a tentacled monstrosity

Vault maps used:
D:1:      saegor_arrival_simple_c, minmay_gold_behind_fungi, minivault_26
D:2:      serial_corexii_hall, corexii_hall_statues_t,
          chequers_hall_statues_wall_a, chequers_hall_statues_y, first_ration
D:3:      minmay_goblin_kobold_castle, minitemple, minmay_quantized
D:4:      gammafunk_ghost_nasty_kobolds, grunt_ministairs_15,
          lemuel_old_faithful, uniq_menkaure, uniq_robin
D:5:      minmay_temple_entry_hall, serial_shops, shop, gup_sewer_entry_bowl,
          hangedman_decor_push
D:6:      nicolae_overflow_hidden_temple, slow_altar_1, roderic_lattice_a
D:7:      serial_shops, shop_statue
D:8:      basic_altar, blue_anna_alchemist, minmay_evil_grid, uniq_harold
D:9:      david_lair_shrubbed, serial_shops, shop, uniq_maurice
D:10:     trog_wizard, uniq_erica, uniq_nergalle
D:11:     gammafunk_corrupted_shrine, serial_shops, shop, lab_entry_generic
D:12:     david_orc_2, serial_shops, nicolae_shop_crystal, shop
D:13:     minmay_guarded_unrand_prune, uniq_josephine, uniq_azrael, uniq_sonja
D:14:     grunt_vaults_entry_fortified, minmay_misc_feat_roman, serial_shops,
          kennysheep_mini, chequers_serial_rivers_micro_c
D:15:     grunt_enter_depths_magical_seal, ashenzari_altar_1,
          lemuel_hellish_altar
Temple:   compressed_dpeg_circular_temple
Lair:1:   minmay_stone_trees_small
Lair:2:   chequers_serial_rivers_small_b, serial_bayou_lake_a
Lair:3:   minmay_snake_entry_guardpost_medium, portal_ice_cave_entry_imps,
          infiniplex_staircase_pool
Lair:4:   swamp_mist
Lair:5:   slime_altar_1, kennysheep_rathole
Lair:6:   minmay_lair_end_enchanted_forest, hangedman_lair_generics_rect
Swamp:1:  infiniplex_staircase_pool_2
Swamp:2:  evilmike_swamp_ruin_rubble_1
Swamp:3:  hangedman_swamp_lotus, swamp_pool5
Swamp:4:  swamp_vile, swamp_pool1, nicolae_swamp_baby_hydras
Snake:1:  serial_bayou_shore_b
Snake:2:  serial_shops, nicolae_shop_behind_doors, uniq_frances, uniq_vashnia
Snake:3:  minmay_shop_grove
Snake:4:  johnstein_snake_rune_scales, st_stairs_12, statue_in_the_mist_lemuel,
          serial_bayou_pond_a
Slime:1:  cheibrodos_slime_lost_civilization_6
Slime:2:  dissolution_awaits
Orc:1:    serial_shops, shop, uniq_fannar
Orc:2:    grunt_orc_gardens, grunt_orc_garden, grunt_orc_garden,
          grunt_orc_garden, grunt_orc_garden
Vaults:1: vaults_standard_mumra_lines, nicolae_vaults_murderbox,
          grunt_vaults_trifunnel, nicolae_vaults_shelves_hall,
          vaults_dpeg_cross, hangedman_vaults_slither, vaults_room_pools,
          ontoclasm_vaults_spin, nicolae_vaults_mini_display_case
Vaults:2: v_alt_pattern_4, nicolae_vaults_arrows, ontoclasm_vaults_idyll,
          nicolae_vaults_network_barrier, serial_shops, shop
Vaults:3: st_star, nicolae_vaults_big_ls, vaults_room_grunt_arrival_checkpoint,
          minmay_crypt_entry_simple_statues, hangedman_vaults_river_flow,
          v_alt_pattern_4, nicolae_vaults_triangles, v_misc_18, v_pattern_4,
          vaults_mumra_chevron, grunt_vaults_hallway_long,
          grunt_vaults_hallway_long
Vaults:4: ploomutoo_gammafunk_vaults_potion_laboratory,
          nicolae_vaults_little_squares_2, v_rooms_3, v_misc_13,
          vaults_mumra_hex, grunt_vaults_hallway_short, v_misc_32,
          grunt_vaults_focal, v_alt_pattern_3, hangedman_vaults_variations,
          vaults_room_semicircle, st_lattice, nicolae_vaults_little_squares_4,
          serial_shops, bzr_firewalk, uniq_saint_roka
Depths:1: abyss_entry, hangedman_decor_points, serial_shops,
          nicolae_shop_behind_doors, grunt_hell_entry_dis_old, grunt_tough_drop
Depths:2: minmay_split_circle, nicolae_trove_entry_free_sample, serial_shops,
          nicolae_shop_statue_plus, hellmouth_1, minmay_misc_feat_chi
Depths:3: gold_lair_mu, hangedman_abyss_or_decor_stagger, hell_entry, pan_entry,
          firewood_loft
Depths:4: minmay_the_grid_square_5x5_3x3, enter_ziggurat_e,
          nicolae_twisting_strands, abyss_entry, serial_shops,
          nicolae_shop_waterfront, hell_entry
Depths:5: evilmike_zot_entry_argh, abyss_entry, chequers_serial_rivers_micro_d,
          hell_entry, grunt_megastairs_5
Zot:1:    grunt_ministairs_2
Zot:3:    kennysheep_bubbly
Bazaar:   due_bazaar_butterfly
Sewer:    kennysheep_door_sewer
IceCv:    ice_cave_statue_garden_chambered

Skill      XL: |  1  2  3  4  5  6  7  8  9 10 11 12 13 14 15 16 17 18 19 20 21 22 23 24 |
---------------+-------------------------------------------------------------------------+-----
Fire Magic     | 3 4 5 7 8 9 10 11 12 | 12.0
Conjurations   | 2 3 4 5 7 8 9 10 11 12 13 14 15 17 19 20 | 20.2
Spellcasting   | 3 4 5 6 7 8 9 10 11 12 14 17 | 17.1
Fighting       | 3 4 6 8 11 12 13 | 13.9
Dodging        | 4 8 9 10 11 12 13 | 13.8
Evocations     | 4 5 |  5.0
Shields        | 2 4 |  4.0
Translocations | 2 |  2.1
Armour         | 4 8 10 11 12 13 | 13.8
Earth Magic    | 5 9 10 13 15 17 18 | 18.3
Stealth        | |  1.7

Action                   |  1- 3 |  4- 6 |  7- 9 | 10-12 | 13-15 | 16-18 | 19-21 | 22-24 || total
-------------------------+-------+-------+-------+-------+-------+-------+-------+-------++-------
Melee: Dagger            |    38 |       |       |       |    23 |       |       |       ||    61
       Unarmed           |    14 |       |       |       |       |       |       |       ||    14
       Staff             |       |       |       |     1 |    90 |   150 |    28 |    13 ||   282
       Kick              |       |       |       |     1 |       |       |     6 |    14 ||    21
       Morningstar       |       |       |       |       |       |       |       |    37 ||    37
 Fire: Hunting sling     |       |   117 |    88 |    30 |    27 |       |       |       ||   262
 Cast: Flame Tongue      |    85 |   111 |   168 |   243 |   579 |   719 |   100 |    27 ||  2032
       Conjure Flame     |       |    10 |    24 |    11 |     4 |       |       |       ||    49
       Sticky Flame      |       |       |    36 |   112 |   130 |   137 |    29 |    10 ||   454
       Fireball          |       |       |     8 |    37 |    19 |   205 |    65 |   112 ||   446
       Bolt of Fire      |       |       |       |    24 |   303 |   137 |   290 |   309 ||  1063
       Orb of Destructio |       |       |       |       |    19 |    27 |    39 |    75 ||   160
       Blink             |       |       |       |       |     1 |    12 |     3 |    38 ||    54
       Iron Shot         |       |       |       |       |       |    41 |    40 |   308 ||   389
       Lehudib's Crystal |       |       |       |       |       |       |       |    66 ||    66
Evoke: Wand              |       |       |     1 |     3 |     4 |    12 |     2 |    15 ||    37
       Phantom mirror    |       |       |       |       |       |       |     1 |       ||     1
  Use: Scroll            |     4 |     3 |    11 |    10 |    10 |     7 |     8 |    22 ||    75
       Potion            |     2 |       |     5 |       |     2 |     3 |     1 |    12 ||    25
 Stab: Paralysed         |       |       |       |       |    16 |       |       |       ||    16
  Eat: Chunk             |     6 |     6 |    22 |    42 |   118 |    52 |    38 |    44 ||   328
       Ration            |       |     1 |     1 |     4 |     5 |    12 |     2 |    24 ||    49
Armor: Robe              |    23 |    22 |    19 |       |       |       |       |       ||    64
       Skin              |       |       |    13 |       |       |       |       |       ||    13
       Troll leather arm |       |       |     3 |    56 |   143 |    52 |       |       ||   254
       Swamp dragon scal |       |       |       |       |       |   205 |       |       ||   205
       Ice dragon scales |       |       |       |       |       |    16 |   116 |   245 ||   377
       Fire dragon scale |       |       |       |       |       |       |       |    82 ||    82
Dodge: Dodged            |    30 |    54 |    77 |   187 |   437 |   648 |   152 |   355 ||  1940
Block: Buckler           |       |       |       |       |   137 |   388 |   120 |   213 ||   858
       Reflection        |       |       |       |       |       |    40 |    26 |    42 ||   108

Table legend:
 A = Non-vault XP
 B = Vault XP
 C = Vault XP percentage of total XP
 D = Non-vault monster count
 E = Vault monster count
 F = Vault count percentage of total count
                 A         B        C        D         E       F
            +---------+---------+-------+---------+---------+-------
      Total |  626487 |  402326 |  39.1 |    1390 |     637 |  31.4
            +---------+---------+-------+---------+---------+-------
        D:1 |      31 |       0 |   0.0 |      18 |       0 |   0.0
        D:2 |      43 |       2 |   4.4 |      16 |       1 |   5.9
        D:3 |      87 |     411 |  82.5 |      24 |      59 |  71.1
        D:4 |     247 |     319 |  56.4 |       7 |      11 |  61.1
        D:5 |     456 |      22 |   4.6 |      25 |       4 |  13.8
        D:6 |    1734 |      39 |   2.2 |      19 |       1 |   5.0
        D:7 |    1005 |       0 |   0.0 |      26 |       0 |   0.0
        D:8 |    1763 |    4274 |  70.8 |      16 |      11 |  40.7
        D:9 |    3773 |     850 |  18.4 |      38 |       2 |   5.0
       D:10 |     932 |    1712 |  64.8 |      11 |       2 |  15.4
       D:11 |    5680 |       0 |   0.0 |      56 |       0 |   0.0
       D:12 |    2295 |     279 |  10.8 |      12 |       8 |  40.0
       D:13 |    7103 |   10045 |  58.6 |      34 |      44 |  56.4
       D:14 |    5727 |    6225 |  52.1 |      15 |      10 |  40.0
       D:15 |   13061 |    4724 |  26.6 |      40 |      10 |  20.0
     Lair:1 |    5643 |       0 |   0.0 |      20 |       0 |   0.0
     Lair:2 |    5120 |      31 |   0.6 |      22 |       3 |  12.0
     Lair:3 |    6513 |     578 |   8.2 |      25 |      12 |  32.4
     Lair:4 |    3885 |       0 |   0.0 |      17 |       0 |   0.0
     Lair:5 |    9039 |    1101 |  10.9 |      31 |      18 |  36.7
     Lair:6 |   12845 |   13805 |  51.8 |      34 |      52 |  60.5
    Swamp:1 |    6626 |       0 |   0.0 |      21 |       0 |   0.0
    Swamp:2 |   10761 |       0 |   0.0 |      29 |       0 |   0.0
    Swamp:3 |   27248 |    7332 |  21.2 |      75 |      11 |  12.8
    Swamp:4 |   10025 |   21364 |  68.1 |      25 |      23 |  47.9
    Snake:1 |   11785 |       0 |   0.0 |      19 |       0 |   0.0
    Snake:2 |   19916 |   11029 |  35.6 |      39 |       6 |  13.3
    Snake:3 |   14956 |     448 |   2.9 |      26 |       1 |   3.7
    Snake:4 |   17672 |   41362 |  70.1 |      30 |      61 |  67.0
    Slime:1 |    4965 |   13570 |  73.2 |       9 |       1 |  10.0
    Slime:2 |   15290 |       0 |   0.0 |      22 |       0 |   0.0
    Slime:3 |   13038 |       0 |   0.0 |      27 |       0 |   0.0
    Slime:4 |   19488 |    2557 |  11.6 |      24 |       2 |   7.7
    Slime:5 |   10397 |   26992 |  72.2 |      13 |       8 |  38.1
      Orc:1 |    4871 |    1451 |  23.0 |      65 |       3 |   4.4
      Orc:2 |     679 |    9922 |  93.6 |      17 |      25 |  59.5
   Vaults:1 |   20166 |   17201 |  46.0 |      43 |      32 |  42.7
   Vaults:2 |   33571 |   20337 |  37.7 |      44 |      30 |  40.5
   Vaults:3 |   13816 |   61957 |  81.8 |      22 |      72 |  76.6
   Vaults:4 |   37304 |   33659 |  47.4 |      62 |      31 |  33.3
   Depths:1 |   27100 |    2312 |   7.9 |      40 |       3 |   7.0
   Depths:2 |   34494 |   11797 |  25.5 |      41 |      14 |  25.5
   Depths:3 |   62198 |   14799 |  19.2 |      76 |      12 |  13.6
   Depths:4 |   33366 |   24583 |  42.4 |      50 |      19 |  27.5
   Depths:5 |   26432 |   21557 |  44.9 |      24 |      16 |  40.0
      Zot:1 |   56594 |   10233 |  15.3 |      37 |       2 |   5.1
      Zot:2 |    3002 |       0 |   0.0 |       2 |       0 |   0.0
      Zot:3 |    3745 |       0 |   0.0 |       2 |       0 |   0.0
      Sewer |       0 |     140 | 100.0 |       0 |       6 | 100.0
      IceCv |       0 |    3307 | 100.0 |       0 |      11 | 100.0
            +---------+---------+-------+---------+---------+-------
